 Dungeon Crawl Stone Soup version 0.19.1-1-g22dce08 (webtiles) character file.

268 theAP the Grave Robber (level 6, 0/44 HPs)
             Began as a Demonspawn Necromancer on Dec 30, 2016.
             Killed by divine providence
             ... invoked by an orc priest
              (16 damage)
             ... on level 4 of the Dungeon.
             The game lasted 00:20:47 (3300 turns).

theAP the Grave Robber (Demonspawn Necromancer)     Turns: 3300, Time: 00:20:48

Health: 0/44       AC:  7    Str:  9    XL:     6   Next: 0%
Magic:  8/9        EV: 10    Int: 20    God:
Gold:   151        SH:  0    Dex: 13    Spells: 1 memorised, 9 levels left

rFire  . . .     SeeInvis .     d - +3 mace (protect)
rCold  + . .     Gourm    .     g - +0 ring mail
rNeg   . . .     Faith    .     (no shield)
rPois  .         Spirit   .     (no helmet)
rElec  .         Reflect  .     (no cloak)
rCorr  .         Harm     .     (no gloves)
MR     .....                    (no boots)
Stlth  +.........               (no amulet)
                                (no ring)
                                e - ring of wizardry

@: very slightly contaminated, slowed, invisible, very slow
A: slimy green scales 1, clever 1, cold resistance 1, low mp 1, subdued magic 1
a: no special abilities


You were on level 4 of the Dungeon.
You were not hungry.

You visited 1 branch of the dungeon, and saw 4 of its levels.

You collected 151 gold pieces.

Inventory:

Hand Weapons
 d - a +3 mace of protection (weapon)
Armour
 a - a +0 robe
 g - a +0 ring mail (worn)
 j - a +0 robe
Jewellery
 e - a ring of wizardry (left hand)
 h - an uncursed ring of see invisible
 s - an uncursed ring of poison resistance {unknown}
 u - an uncursed amulet of the gourmand {unknown}
Scrolls
 m - 3 scrolls of remove curse
 o - a scroll of teleportation
 r - a scroll of noise {unknown}
 v - a scroll of amnesia {unknown}
 w - a scroll of immolation {unknown}
Potions
 n - a potion of lignification {unknown}
Books
 b - a book of Necromancy

   Spells                             Type                      Level
   a - Pain                           Necromancy                   1
   b - Animate Skeleton               Necromancy                   1
   c - Vampiric Draining              Necromancy                   3
   d - Regeneration                   Charms/Necromancy            3
   e - Animate Dead                   Necromancy                   4
   f - Control Undead                 Necromancy                   4
Comestibles
 c - 2 bread rations
 f - 3 beef jerkies
 i - a royal jelly


   Skills:
 * Level 2.2 Fighting
 * Level 2.2 Maces & Flails
 + Level 0.5 Armour
 + Level 2.0 Dodging
 + Level 1.7 Stealth
 + Level 2.9 Spellcasting
 + Level 5.9 Necromancy


You had 9 spell levels left.
You knew the following spells:

 Your Spells              Type           Power        Failure   Level  Hunger
a - Pain                  Necr           ###.         1%          1    None


Dungeon Overview and Level Annotations

Branches:
Dungeon (4/15)
 Temple: D:4-7

Altars:
Elyvilon
Kikubaaqudgha
Nemelex Xobeh
The Shining One


Innate Abilities, Weirdness & Mutations

You are partially covered in slimy green scales. (AC +2)
Your flesh is cold resistant. (rC+)
Your mind is acute. (Int +2)
Your magical capacity is low. (-10% MP)
Your spells are a little easier to cast, but a little less powerful.


Message History

Press: ? - help, Shift-Dir - straight line, f - orc priest
Aim: an orc priest, wearing a leather armour (moderately wounded, chance to defeat MR: 80%)
The orc priest writhes in agony!
Casting: Pain
Confirm with . or Enter, or press ? or * to list all spells.
Aiming: Pain
Press: ? - help, Shift-Dir - straight line, f/p - orc priest
Aim: an orc priest, wearing a leather armour (moderately wounded, chance to defeat MR: 80%)
The orc priest writhes in agony!
The orc priest hits you but does no damage.
The orc priest barely misses you.
You hit the orc priest.
The orc priest is almost dead.
The orc priest misses you.
The orc priest hits you but does no damage.
You barely miss the orc priest.
The orc priest is almost dead.
The orc priest calls down the wrath of Beogh upon you.
Beogh smites you!
You die...

#...............#
##.............##
##.....#.....###
##.#########...†
#..# ####. ##.##
#. ##..# #. #..##
#. #@## ##. #o#
#.. #.# #..# #.#
#.#. ##)# #...
#..# ######...##
#...##
.........##
.....##
#.......## .....
#.......##


You could see an orc priest.

Vanquished Creatures
  An orc wizard (D:4)
  Ijyb (D:2)
  2 worker ants (D:4)
  3 gnolls (D:3)
  3 adders
  2 oozes
  2 worms (D:2)
  2 dart slugs (D:2)
  A leopard gecko (D:3)
  6 orcs
  5 giant cockroaches
  7 hobgoblins
  11 jackals
  10 kobolds
  A quokka (D:3)
  8 bats
  11 frilled lizards
  7 goblins
  8 rats
91 creatures vanquished.

Notes
Turn   | Place    | Note
-------+----------+-------------------------------------------
     0 | D:1      | theAP the Demonspawn Necromancer began the quest for the Orb.
     0 | D:1      | Reached XP level 1. HP: 13/13 MP: 3/3
    43 | D:1      | Found a sparkling altar of Nemelex Xobeh.
   268 | D:1      | Reached skill level 1 in Fighting
   268 | D:1      | Gained mutation: You are partially covered in slimy green scales. (AC +2) [demonic ancestry]
   268 | D:1      | Reached XP level 2. HP: 14/21 MP: 1/5
   842 | D:2      | Noticed Ijyb
   859 | D:2      | Killed Ijyb
   859 | D:2      | Reached skill level 1 in Maces & Flails
   859 | D:2      | Reached skill level 5 in Necromancy
   859 | D:2      | Reached XP level 3. HP: 20/26 MP: 0/6
  1176 | D:2      | Found a glowing golden altar of the Shining One.
  1184 | D:2      | Gained mutation: Your flesh is cold resistant. (rC+) [demonic ancestry]
  1184 | D:2      | Reached XP level 4. HP: 17/32 MP: 3/7
  2348 | D:3      | Reached XP level 5. HP: 34/37 MP: 3/8
  2458 | D:3      | Found a white marble altar of Elyvilon.
  3087 | D:4      | Found an ancient bone altar of Kikubaaqudgha.
  3282 | D:4      | Gained mutation: Your spells are a little easier to cast, but a little less powerful. [potion of mutation]
  3282 | D:4      | Gained mutation: Your magical capacity is low. (-10% MP) [potion of mutation]
  3282 | D:4      | Gained mutation: Your mind is acute. (Int +2) [potion of mutation]
  3295 | D:4      | Reached XP level 6. HP: 16/44 MP: 9/9
  3300 | D:4      | Killed from afar by an orc priest

Skill      XL: |  1  2  3  4  5 |
---------------+----------------+-----
Fighting       | 1 2 |  2.2
Maces & Flails | 1 2 |  2.2
Necromancy     | 5 |  5.9
Dodging        | 2 |  2.0
Armour         | |  0.5
Stealth        | |  1.7
Spellcasting   | |  2.9

Action                   |  1- 3 |  4- 6 || total
-------------------------+-------+-------++-------
Melee: Mace              |    30 |    89 ||   119
 Cast: Pain              |    51 |    68 ||   119
  Use: Scroll            |     2 |     6 ||     8
       Potion            |       |     7 ||     7
 Stab: Invisible         |       |     2 ||     2
  Eat: Chunk             |     1 |     5 ||     6
       Meat ration       |       |     1 ||     1
Armor: Ring mail         |    26 |    72 ||    98
Dodge: Dodged            |    24 |    71 ||    95
